 Dungeon Crawl Stone Soup version 0.28-a0-834-g1a73be5ee4 (webtiles) character file.

Game seed: 9841991881923472075

250 bande the Covered (level 6, -1/38 HPs)
             Began as a Gargoyle Fighter on Nov 12, 2021.
             Slain by a lemure (4 damage)
             ... led by Pikel
             ... on level 4 of the Dungeon.
             The game lasted 00:04:43 (3321 turns).

bande the Covered (Gargoyle Fighter)                Turns: 3321, Time: 00:04:43

Health: -1/38      AC: 16    Str: 20    XL:     6   Next: 13%
Magic:  6/6        EV:  7    Int:  8    God:
Gold:   141        SH:  4    Dex:  9    Spells: 5/5 levels left

rFire   . . .      SeeInvis .   a - +1 war axe
rCold   . . .      Faith    .   c - +0 buckler
rNeg    + . .      Spirit   .   f - +0 chain mail
rPois   ∞          Reflect  .   e - +0 helmet
rElec   +          Harm     .   l - +0 cloak
rCorr   .          Rampage  .   (no gloves)
Will    .....                   (no boots)
Stlth   ..........              (no amulet)
HPRegen 0.12/turn               (no ring)
MPRegen 0.10/turn               (no ring)

@: no status effects
A: sickness immunity, AC +4, negative energy resistance 1, electricity
resistance, torment resistance 1, petrification resistance, sense surroundings
1, weak 1
a: no special abilities


You were on level 4 of the Dungeon.
You visited 1 branch of the dungeon, and saw 4 of its levels.

You collected 141 gold pieces.

Inventory:

Hand Weapons
 a - a +1 war axe (weapon)
 o - a +0 morningstar
Missiles
 i - a throwing net (quivered)
Armour
 c - a +0 buckler (worn)
 e - a +0 helmet (worn)
 f - a +0 chain mail (worn)
 l - a +0 cloak (worn)
Wands
 b - a wand of iceblast (7)
 g - a wand of digging (1)
 n - a wand of paralysis (9)
Potions
 d - a potion of might
 h - 2 potions of curing {unknown}
 j - a potion of cancellation {unknown}
 k - a potion of ambrosia {unknown}
 m - a potion of brilliance {unknown}


   Skills:
 + Level 3.9 Fighting
 + Level 4.1 Axes
 + Level 4.2 Armour
 + Level 3.9 Shields
 * Level 1.3 Evocations


You had 5 spell levels left.
You didn't know any spells.
Your spell library was empty.

Dungeon Overview and Level Annotations

Branches:
Dungeon (4/15)
 Temple: D:4-7

Altars:

Shops:
D:2 [

Annotations:
D:4 Pikel


Innate Abilities, Weirdness & Mutations

You are immune to sickness and miasma.
Your stone body is resilient. (AC +4)
You are immune to poison.
You resist negative energy. (rN+)
You are resistant to electric shocks. (rElec)
You are resistant to unholy torment.
You are immune to petrification.
You passively map a small area around you.
You are weak. (Str -2)


Message History

Pikel is heavily wounded.
You closely miss the lemure.
Your chain mail prevents you from hitting the ogre.
You block the lemure's attack.
Pikel hits you with a +0 whip of flaming.
Pikel burns you.
The ogre hits you with a +0 giant spiked club!
You slash the ogre!
The ogre is heavily wounded.
You hit the lemure. You barely miss Pikel.
The lemure hits you but does no damage. Pikel hits you but does no damage.
You block the ogre's attack. The lemure hits you.
You block the lemure's attack. Pikel hits you but does no damage.
Unknown command.
You slash the ogre!
The ogre is severely wounded.
Your chain mail prevents you from hitting the lemure.
You barely miss the lemure. You slash Pikel!
A worm comes into view.
You block the ogre's attack. The lemure hits you but does no damage.
Pikel says, "I knew I should've brought a map."
Pikel hits you but does no damage.
You hit the ogre but do no damage.
The ogre is severely wounded.
You closely miss Pikel. You miss the lemure. You hit the lemure.
The lemure closely misses you. The lemure hits you but does no damage.
Pikel hits you but does no damage.
The ogre hits you with a +0 giant spiked club!
* * * LOW HITPOINT WARNING * * *
You barely miss the ogre.
The ogre is severely wounded.
You closely miss the lemure. x2; You hit the lemure.
You barely miss Pikel. The lemure barely misses you.
The lemure hits you but does no damage. The lemure barely misses you.
Pikel hits you with a +0 whip of flaming.
* * * LOW HITPOINT WARNING * * *
Pikel burns you.
* * * LOW HITPOINT WARNING * * *
The ogre barely misses you. The lemure hits you.
You die...

* * #..### ,, * *
#....### #......## ,
.......## ##########
........# .........#
*#5..?.w.. , .........#
#5K...... .........##
##@O......
...†......#####.55......
,
......................##
,
..........########....#
..........# ...##
..........# ..## *
..........# ## ,
..........# .........<#


You could see Pikel, an ogre, 4 lemures and a worm.

Vanquished Creatures
  Crazy Yiuf (D:3)
  Jessica (D:2)
  Natasha (thrice) (D:2)
  Terence (D:2)
  Robin (D:3)
  2 adders
  A worm (D:3)
  3 dart slugs
  3 endoplasms
  A giant cockroach (D:3)
  13 goblins
  11 hobgoblins
  A quokka (D:3)
  3 ball pythons
  7 bats
  3 frilled lizards
  7 kobolds
  5 rats
67 creatures vanquished.

Notes
Turn   | Place    | Note
-------+----------+-------------------------------------------
     0 | D:1      | bande the Gargoyle Fighter began the quest for the Orb.
     0 | D:1      | Reached XP level 1. HP: 14/14 MP: 1/1
   483 | D:1      | Reached XP level 2. HP: 19/19 MP: 2/2
   631 | D:2      | Noticed Terence
  1044 | D:2      | Gained mutation: You are weak. (Str -2) [potion of
                  | mutation]
  1044 | D:2      | Gained mutation: You passively map a small area around you.
                  | [potion of mutation]
  1047 | D:2      | Killed Terence
  1048 | D:2      | Reached XP level 3. HP: 6/23 MP: 3/3
  1324 | D:2      | Noticed Natasha
  1334 | D:2      | Killed Natasha
  1335 | D:2      | Reached XP level 4. HP: 19/28 MP: 4/4
  1585 | D:2      | Found Biapaih's Antique Armour Boutique.
  1685 | D:2      | Found a faded altar of an unknown god.
  1727 | D:2      | Noticed Jessica
  1735 | D:2      | Killed Jessica
  1845 | D:2      | Noticed Natasha
  1855 | D:2      | Killed Natasha
  1856 | D:2      | Reached XP level 5. HP: 23/33 MP: 5/5
  1888 | D:2      | Noticed Natasha
  1900 | D:2      | Killed Natasha
  2186 | D:3      | Noticed Robin
  2211 | D:3      | Reached skill level 1 in Evocations
  2219 | D:3      | Killed Robin
  2672 | D:3      | Found a runed translucent door.
  2673 | D:3      | Noticed Crazy Yiuf
  3048 | D:3      | Killed Crazy Yiuf
  3049 | D:3      | Reached XP level 6. HP: 38/38 MP: 6/6
  3313 | D:4      | Noticed Pikel
  3321 | D:4      | Slain by a lemure

Illustrated notes

Levels and vault maps discovered:
D:1:      wheals_arrival_shading, layout_rooms, hangedman_decor_growths,
          minmay_stone_trees_medium
D:2:      layout_rooms, serial_shops, shop,
          hellmonk_ecumenical_altar_heavens_door, uniq_jessica, uniq_natasha,
          uniq_terence
D:3:      layout_rooms, kennysheep_another_room, kennysheep_generic_room_5,
          uniq_robin, uniq_crazy_yiuf_cottage
D:4:      layout_cave_pods, serial_undead, serial_undead_b, serial_undead_e,
          serial_undead_a, serial_undead_c, serial_shops, nicolae_square_shop,
          uniq_pikel, uniq_blork_the_orc

Skill      XL: |  1  2  3  4  5 |
---------------+----------------+-----
Axes           | 2 3 4 |  4.1
Armour         | 4 |  4.2
Evocations     | 1 |  1.3
Fighting       | |  3.9
Shields        | |  3.9

Action                   |  1- 3 |  4- 6 || total
-------------------------+-------+-------++-------
Melee: War axe           |    91 |   167 ||   258
  Use: Potion            |     2 |     1 ||     3
       Scroll            |     1 |     1 ||     2
Armor: Scale mail        |    62 |     8 ||    70
       Chain mail        |       |   111 ||   111
Dodge: Dodged            |    61 |    63 ||   124
Block: Buckler           |    29 |    54 ||    83

Table legend: (Time is in decaauts)
 A = Elapsed time spent in this place.
 B = Non-inter-level travel time spent in this place.
 C = Inter-level travel time spent in this place.
 D = Time resting spent in this place.
 E = Time spent auto-exploring this place.
 F = Levels seen in this place.
 G = Mean time per level.
                   A        B        C        D        E       F      G
               +--------+--------+--------+--------+--------+-----+--------+
         Total |   3437 |   3407 |     30 |    922 |   1794 |   4 |  859.2 |
       Dungeon |   3437 |   3407 |     30 |    922 |   1794 |   4 |  859.2 |
               +--------+--------+--------+--------+--------+-----+--------+

Top non-repeatable levels by time:
     D:2: 1229 daAuts
     D:3: 1044 daAuts
     D:1: 972 daAuts
     D:4: 191 daAuts
